 Dungeon Crawl Stone Soup version 0.30.1-11-g7821555f0a (webtiles) character file.

Game seed: 12745193353150947824

105 2FriedEggs the Magician (level 4, -2/27 HPs)
             Began as an Octopode Earth Elementalist on Nov 13, 2023.
             Killed from afar by a white imp (7 damage)
             ... with a puff of frost
             ... on level 3 of the Dungeon.
             The game lasted 00:05:40 (2355 turns).

2FriedEggs the Magician (OpEE)                      Turns: 2355, Time: 00:05:41

Health: -2/27      AC:  1    Str: 10 (13) XL:     4   Next: 81%
Magic:  7/10       EV: 13    Int: 23 (25) God:
Gold:   158        SH:  0    Dex: 10 (12) Spells: 6/12 levels left

rFire   . . .        h - +0 dagger
rCold   . . .        (no shield)
rNeg    . . .        (helmet restricted)
rPois   .            (no amulet)
rElec   .            d - +6 ring of strength
rCorr   +            o - ring of resist corrosion
SInv    .            i - +6 ring of intelligence
Will    .....        (no ring)
Stlth   +++          (no ring)
HPRegen 0.24/turn    (no ring)
MPRegen 0.12/turn    (no ring)
                     (no ring)

%: no passive effects
@: very slightly contaminated, studying Staves
A: almost no armour, amphibious, 8 rings, camouflage 1, gelatinous body 1,
(nimble swimmer 1), tentacles
a: no special abilities


You were on level 3 of the Dungeon.
You visited 1 branch of the dungeon, and saw 4 of its levels.

You collected 158 gold pieces.

Inventory:

Hand Weapons
 h - a +0 dagger (weapon)
 j - a +1 flail of distortion
Missiles
 p - a throwing net
Jewellery
 d - a +6 ring of strength (left tentacle)
 i - a +6 ring of intelligence (on tentacle)
 o - a ring of resist corrosion (right tentacle)
Scrolls
 b - a scroll of fog {unknown}
 c - a scroll of blinking {unknown}
 e - a scroll of teleportation {unknown}
 f - a scroll of torment {unknown}
 g - 2 scrolls of enchant weapon {unknown}
 k - a scroll of magic mapping {unknown}
 l - a scroll of noise {unknown}
 n - a scroll of fear {unknown}
Potions
 a - a potion of magic


   Skills:
 - Level 2.0 Dodging
 - Level 2.6 Stealth
 + Level 4.5 Spellcasting
 - Level 1.0 Transmutations
 - Level 3.0 Earth Magic


You had 6 spell levels left.
You knew the following spells:

 Your Spells              Type           Power      Damage    Failure   Level
a - Sandblast             Erth           38%        2d10      3%          1
b - Passwall              Tmut/Erth      11%        N/A       7%          2
c - Stone Arrow           Conj/Erth      24%        3d8       16%         3

Your spell library contained the following spells:

 Spells                   Type           Power      Damage    Failure   Level
 Vhi's Electric Charge    Tloc/Air       10%        N/A       30%         3
 Petrify                  Tmut/Erth      14%        N/A       41%         4
 Arcjolt                  Conj/Air       2%         1d12      95%         5
 Plasma Beam              Fire/Air       2%         2x1d14    100%        6


Dungeon Overview and Level Annotations

Branches:
Dungeon (4/15)
 Temple: D:4-7

Altars:

Annotations:
D:2 Sigmund
D:3 exclusion: scorpion, Grinder


Innate Abilities, Weirdness & Mutations

You cannot wear most types of armour.
You are amphibious.
You can wear up to eight rings at the same time.
Your skin changes colour to match your surroundings (Stealth+).
Your rubbery body absorbs attacks. (AC +1, EV +1)
((You are camouflaged when in or above water. (Stealth+)))
You have tentacles for arms and can constrict up to eight enemies at once.


Message History

You hear a shout! x3
An orc comes into view. It is wielding a +0 club.
The white imp gestures at you. The puff of frost hits you!
Casting: Sandblast (safe; 3% risk of failure)
Confirm with . or Enter, or press ? or * to list all spells.
Aiming: Sandblast (safe; 3% risk of failure)
Press: ? - help, Shift-Dir - straight line, f/p - white imp
Aim: a white imp (lightly wounded, 82% to hit)
You miscast Sandblast.
You are very lightly contaminated with residual magic.
Nothing appears to happen.
The white imp barely misses you.
Casting: Sandblast (safe; 3% risk of failure)
Confirm with . or Enter, or press ? or * to list all spells.
Aiming: Sandblast (safe; 3% risk of failure)
Press: ? - help, Shift-Dir - straight line, f/p - white imp
Aim: a white imp (lightly wounded, 82% to hit)
You miscast Sandblast.
Nothing appears to happen.
An orc wizard comes into view. It is wielding a +0 dagger.
The white imp hits you. The white imp freezes you.
Unknown command.
The white imp gestures at you. The puff of frost hits you!
* * * LOW HITPOINT WARNING * * *
You climb upwards.
Level annotation: exclusion: scorpion, Grinder
There is a stone staircase leading down here.
You aren't carrying any items that you can evoke.
Okay, then.
Okay, then.
Casting: Sandblast (safe; 3% risk of failure)
Confirm with . or Enter, or press ? or * to list all spells.
Aiming: Sandblast (safe; 3% risk of failure)
Press: ? - help, Shift-Dir - straight line, f - white imp
Aim: a white imp (lightly wounded, 82% to hit)
The blast of sand hits the white imp but does no damage.
The white imp is lightly wounded.
The white imp gestures at you. The puff of frost hits you!
You die...

### ### #<# #.####### #.#
#.....wS. #.# #.####### #.# #.#
#.# ######## #######'####### #.#
#......# #..............
#.######......####..............
#.............5@##..............
#....##.(.....#.................
#....##.....###'#...............
#....##.........................
#....###........................
#....###..........##............
##....#........................##
#.....#............(...........##
#...###................###.....##


You could see a white imp.

Vanquished Creatures
  An orc wizard (D:3)
  An adder (D:2)
  2 gnolls
  4 dart slugs
  2 orcs (D:3)
  6 bats
  2 endoplasms
  6 hobgoblins
  5 kobolds
  A quokka (D:1)
  2 ball pythons
  2 goblins (D:1)
  7 rats
41 creatures vanquished.

Notes
Turn   | Place    | Note
-------+----------+-------------------------------------------
     0 | D:1      | 2FriedEggs the Octopode Earth Elementalist began the quest
                  | for the Orb.
     0 | D:1      | Reached XP level 1. HP: 11/11 MP: 3/3
   221 | D:1      | Reached XP level 2. HP: 17/17 MP: 3/5
   379 | D:1      | Reached skill level 3 in Spellcasting
   523 | D:1      | Reached XP level 3. HP: 10/21 MP: 2/7
   976 | D:1      | Found a faded altar of an unknown god.
  1108 | D:2      | Noticed Sigmund
  1182 | D:2      | Learned a level 2 spell: Passwall
  1186 | D:2      | Learned a level 3 spell: Stone Arrow
  1356 | D:2      | Reached XP level 4. HP: 27/27 MP: 7/9
  1697 | D:3      | Reached skill level 4 in Spellcasting
  1729 | D:3      | Noticed a scorpion
  1920 | D:3      | Found Fuvayrph's Distillery.
  2182 | D:3      | Noticed Grinder
  2355 | D:3      | Killed from afar by a white imp

Illustrated notes

Levels and vault maps discovered:
D:1:      minmay_arrival_open_corners, layout_loops_ring,
          chequers_ecumenical_altar_grove
D:2:      layout_basic, uniq_terence, uniq_natasha, uniq_sigmund
D:3:      layout_basic, serial_shops, nicolae_square_shop, serial_corexii_hall,
          corexii_hall_statues_deadend, corexii_hall_statues_x,
          corexii_hall_statues_l, uniq_grinder
D:4:      nicolae_cairo_tiling_large, layout_rooms, uniq_ijyb

Skill      XL: |  1  2  3  4 |
---------------+-------------+-----
Spellcasting   | 3 4 |  4.5
Dodging        | |  2.0
Stealth        | |  2.6
Transmutations | |  1.0
Earth Magic    | |  3.0

Action                     |  1- 3 |  4- 6 || total
---------------------------+-------+-------++-------
  Melee: Dagger            |     5 |       ||     5
         Constrict         |     2 |       ||     2
   Cast: Sandblast         |    41 |    23 ||    64
    Use: Potion            |       |     3 ||     3
         Scroll            |       |     1 ||     1
 Armour: Skin              |     2 |     1 ||     3
  Dodge: Dodged            |    11 |     6 ||    17
